AoeStats
← alecsmonti

Nomad

510390726Analyzed
4v4 RM · 1d ago on Sep 30, 2026· 54m 35s· 8 players
Game mode
Random Map
Map size
231×231
Population
200
Speed
Normal
Resources
Standard
Victory
Conquest
Starting age
Dark Age
Ending age
Imperial Age
RankedLock teamsTeams togetherTeam positionsShared explorationLock speedFull tech treeHidden civsTurbo modeCheats
Victory
Defeat
🇮🇪 Franks · Ireland
740
+14
🇧🇬 Romans · Bulgaria
730
+14
🇲🇽 Franks · Mexico
702
+15
🇮🇹 Huns · Italy
680
+16
🇬🇧 Cumans · United Kingdom
755
-17
🇮🇳 Italians · India
698
-15
🇯🇵 Varangians · Japan
672
-14
🇳🇱 Tatars · Netherlands
644
-16
whitewolf
6:47 Loom
19:25 Feudal Age
21:18 Double-Bit Axe
25:35 Wheelbarrow
28:49 Castle Age
30:04 Stone Mining
30:07 Gold Mining
31:18 Bow Saw
32:02 Bloodlines
31:14 Light Cavalry
33:08 Fishing Lines
36:19 Gillnets
36:50 Horse Collar
39:19 Hand Cart
42:13 Imperial Age
40:57 Caravan
43:22 Forging
43:03 Fletching
43:15 Scale Mail Armor
43:15 Padded Archer Armor
43:21 Scale Barding Armor
43:38 Ballistics
43:08 Guard Tower
43:29 Fortified Wall
43:11 Heated Shot
43:01 Treadmill Crane
43:17 Murder Holes
43:33 Masonry
42:51 Pikeman
42:52 Man-at-Arms
43:33 Squires
43:18 Arson
42:56 Crossbowman
42:56 Elite Skirmisher
43:42 Thumb Ring
44:54 Iron Casting
44:34 Chain Mail Armor
45:23 Silk Road
47:12 Two-Man Saw
46:08 Town Watch
46:15 Elite Genoese Crossbowman
46:19 Cavalier
46:21 Arbalester
49:52 Blast Furnace
48:47 Bodkin Arrow
49:24 Plate Mail Armor
49:42 Stone Shaft Mining
50:11 Chemistry
teban0721
9:45 Loom
13:31 Feudal Age
14:09 Double-Bit Axe
15:33 Fishing Lines
16:37 Wheelbarrow
23:00 Castle Age
21:50 Scale Barding Armor
21:38 Fletching
22:48 Scale Barding Armor
23:03 Forging
23:04 Gold Mining
23:37 Horse Collar
24:41 Bow Saw
24:36 Town Watch
25:04 Bodkin Arrow
26:11 Hand Cart
27:49 Gillnets
31:21 Chain Barding Armor
31:12 Bloodlines
31:20 Crossbowman
32:03 Padded Archer Armor
32:07 Heavy Plow
34:40 Imperial Age
32:11 Town Patrol
32:28 Husbandry
33:11 Scale Mail Armor
33:31 Pikeman
35:36 Squires
35:22 Arson
37:48 Plate Barding Armor
37:08 Halberdier
37:58 Stone Mining
39:01 Bracer
40:14 Iron Casting
39:55 Chain Mail Armor
39:56 Leather Archer Armor
41:43 Chemistry
42:01 Conscription
41:51 Cavalier
42:39 Elite Skirmisher
44:05 Gambesons
43:40 Elite Varangian Guard
45:50 Blast Furnace
45:21 Ring Archer Armor
46:05 Stone Shaft Mining
47:37 Light Cavalry
47:54 Gothikon
Miss Priss
10:30 Loom
15:00 Feudal Age
25:19 Castle Age
23:38 Horse Collar
23:45 Double-Bit Axe
26:26 Wheelbarrow
28:48 Gold Mining
28:50 Stone Mining
31:40 Bow Saw
32:09 Hand Cart
32:39 Fishing Lines
33:10 Padded Archer Armor
33:00 Fletching
34:17 Thumb Ring
34:36 Pikeman
35:23 Gillnets
36:53 Squires
36:38 Arson
43:27 Steppe Husbandry
46:15 Imperial Age
43:58 Bodkin Arrow
44:18 Leather Archer Armor
44:05 Scale Mail Armor
50:20 Forging
50:26 Chain Mail Armor
50:41 Ring Archer Armor
51:05 Parthian Tactics
Pudgwes
6:55 Loom
17:55 Feudal Age
18:47 Gold Mining
19:08 Double-Bit Axe
21:04 Wheelbarrow
20:18 Fishing Lines
26:05 Horse Collar
29:33 Stone Mining
29:57 Forging
31:27 Scale Barding Armor
33:05 Scale Mail Armor
34:18 Man-at-Arms
35:12 Bloodlines
37:14 Castle Age
38:04 Husbandry
40:19 Gold Shaft Mining
40:12 Chain Barding Armor
40:31 Gillnets
41:34 Long Swordsman
41:35 Pikeman
42:21 Padded Archer Armor
45:39 Heavy Plow
Llathandir
18:07 Feudal Age
23:34 Castle Age
21:40 Double-Bit Axe
24:16 Wheelbarrow
27:49 Hand Cart
27:54 Gold Mining
43:05 Imperial Age
43:57 Forging
43:53 Scale Barding Armor
43:38 Fletching
43:17 Cavalier
44:58 Loom
45:35 Husbandry
47:00 Gold Shaft Mining
46:15 Stone Mining
51:11 Paladin
53:23 Iron Casting
52:45 Bodkin Arrow
53:14 Ballistics
yomamacry
4:19 Loom
15:20 Feudal Age
16:37 Wheelbarrow
15:44 Horse Collar
15:52 Double-Bit Axe
21:48 Town Watch
23:05 Gold Mining
26:39 Castle Age
25:45 Stone Mining
25:45 Man-at-Arms
28:13 Forging
31:06 Hand Cart
30:54 Heavy Plow
35:53 Gold Shaft Mining
35:32 Bow Saw
41:19 Imperial Age
40:48 Elite Skirmisher
41:43 Town Patrol
42:38 Crop Rotation
42:15 Scale Mail Armor
42:06 Fletching
42:17 Padded Archer Armor
42:23 Scale Barding Armor
45:34 Elite Centurion
47:30 Chemistry
48:43 Pikeman
49:24 Squires
49:48 Conscription
50:21 Chain Barding Armor
50:37 Iron Casting
49:57 Bodkin Arrow
50:18 Leather Archer Armor
52:22 Ballistics
54:04 Blast Furnace
alecsmonti
4:49 Loom
15:53 Feudal Age
21:58 Double-Bit Axe
22:30 Horse Collar
22:56 Stone Mining
23:42 Gold Mining
27:33 Castle Age
27:09 Wheelbarrow
26:21 Town Watch
28:10 Forging
28:07 Scale Barding Armor
29:42 Gold Shaft Mining
29:58 Iron Casting
30:06 Heavy Plow
30:13 Town Patrol
31:12 Hand Cart
31:42 Chain Barding Armor
31:36 Bloodlines
31:27 Husbandry
33:59 Marauders
35:21 Murder Holes
35:38 Masonry
35:47 Masonry
36:00 Ballistics
36:05 Fletching
40:35 Imperial Age
38:22 Bow Saw
40:36 Elite Tarkan
41:38 Conscription
42:23 Blast Furnace
42:14 Plate Barding Armor
41:55 Bodkin Arrow
GUSTAVO SOSA JR.
17:10 Feudal Age
19:32 Double-Bit Axe
23:03 Gold Mining
26:55 Castle Age
25:46 Scale Barding Armor
26:01 Forging
26:26 Fletching
26:36 Padded Archer Armor
28:04 Husbandry
28:33 Bow Saw
32:13 Chain Barding Armor
35:47 Iron Casting
42:40 Imperial Age
40:42 Town Watch
43:13 Bodkin Arrow
43:34 Leather Archer Armor
42:56 Cavalier
45:08 Conscription
45:18 Elite Throwing Axeman
49:00 Chemistry
Connection lost

Rejoining the realm…

Still unreachable

The connection could not be restored.

Session expired

The server has moved on; the page needs a fresh start.